AoeStats
← thecal

Arena

508909343Analyzed
2v2 RM · 9d ago on Sep 24, 2026· 43m 21s· 4 players
Game mode
Random Map
Map size
Medium (4 player)
Population
200
Speed
Normal
Resources
Standard
Victory
Conquest
Starting age
Dark Age
Ending age
Imperial Age
RankedLock teamsTeams togetherTeam positionsShared explorationLock speedFull tech treeHidden civsTurbo modeCheats
Victory
Defeat
🇹🇷 Magyars · Türkiye
829
+18
🇹🇷 Mongols · Türkiye
829
+18
🇦🇷 Huns · Argentina
876
-23
🇩🇰 Burgundians · Denmark
860
-17
John Travoldtar
10:11 Feudal Age
9:42 Double-Bit Axe
9:46 Loom
11:20 Bow Saw
10:53 Horse Collar
12:24 Wheelbarrow
13:20 Heavy Plow
17:39 Loom
19:58 Castle Age
19:03 Stone Mining
20:03 Hand Cart
20:28 Stone Shaft Mining
19:46 Gold Mining
21:39 Two-Man Saw
20:28 Loom
21:15 Crop Rotation
21:23 Gold Shaft Mining
20:41 Fletching
23:36 Town Watch
24:01 Caravan
25:26 Fervor
25:01 Treadmill Crane
25:34 Fortified Wall
25:59 Treadmill Crane
26:51 Masonry
27:32 Forging
27:23 Scale Mail Armor
27:26 Padded Archer Armor
29:29 Elite Skirmisher
34:15 Imperial Age
32:09 Town Patrol
32:19 Scale Barding Armor
32:41 Bodkin Arrow
33:33 Ballistics
34:31 Burgundian Vineyards
35:12 Leather Archer Armor
35:31 Bracer
36:08 Conscription
36:04 Husbandry
35:26 Light Cavalry
35:28 Cavalier
36:32 Chain Barding Armor
36:20 Hussar
37:52 Iron Casting
43:10 Blast Furnace
42:46 Plate Barding Armor
43:33 Chemistry
42:13 Paladin
[ElGordo]
10:17 Feudal Age
11:03 Loom
14:04 Horse Collar
15:03 Double-Bit Axe
19:21 Castle Age
17:56 Scale Barding Armor
19:29 Stone Mining
19:30 Gold Mining
22:10 Gold Shaft Mining
22:33 Loom
23:57 Forging
24:15 Bow Saw
31:04 Chain Barding Armor
30:48 Scale Mail Armor
30:49 Padded Archer Armor
30:39 Fletching
31:50 Wheelbarrow
30:46 Elite Skirmisher
31:32 Thumb Ring
32:20 Bloodlines
32:11 Husbandry
36:31 Imperial Age
35:31 Chain Mail Armor
35:52 Iron Casting
35:33 Leather Archer Armor
35:14 Bodkin Arrow
37:42 Capped Ram
39:05 Cavalier
40:41 Parthian Tactics
thecal
8:06 Loom
10:59 Feudal Age
17:21 Castle Age
15:57 Double-Bit Axe
16:19 Horse Collar
19:10 Scale Barding Armor
20:09 Bow Saw
22:06 Heavy Plow
24:48 Gold Mining
26:40 Wheelbarrow
27:47 Scale Mail Armor
29:13 Chain Barding Armor
29:08 Chain Mail Armor
32:12 Imperial Age
30:36 Corvinian Army
32:36 Gold Shaft Mining
32:43 Onager
32:43 Capped Ram
34:05 Plate Barding Armor
34:44 Two-Man Saw
34:23 Hand Cart
35:00 Crop Rotation
35:25 Conscription
34:59 Pikeman
36:01 Elite Magyar Huszar
38:29 Halberdier
özürlü31
10:30 Feudal Age
15:45 Castle Age
14:28 Double-Bit Axe
15:41 Stone Mining
16:54 Bow Saw
17:26 Horse Collar
21:39 Wheelbarrow
23:03 Hand Cart
24:24 Loom
26:45 Heavy Plow
27:53 Stone Shaft Mining
27:08 Gold Mining
27:35 Fletching
27:45 Padded Archer Armor
30:40 Gold Shaft Mining
35:33 Imperial Age
32:53 Town Watch
33:50 Bodkin Arrow
34:10 Leather Archer Armor
34:18 Ballistics
34:23 Thumb Ring
36:34 Bracer
37:52 Chemistry
37:23 Parthian Tactics
37:41 Heavy Cavalry Archer
Connection lost

Rejoining the realm…

Still unreachable

The connection could not be restored.

Session expired

The server has moved on; the page needs a fresh start.